 Dungeon Crawl Stone Soup version 0.14-a0-1474-g1105da3 (webtiles) character file.

332161 knark the Executioner (level 22, -14/152 HPs)
             Began as a Gargoyle Berserker on Dec 14, 2013.
             Was the Champion of Trog.
             Blown up by a rakshasa (17 damage)
             ... with a wand of disintegration
             ... on Level 4 of the Depths.
             The game lasted 00:41:35 (49457 turns).

knark the Executioner (Gargoyle Berserker)         Turns: 49457, Time: 00:41:35

HP -14/152       AC 53     Str 29      XL: 22   Next: 13%
MP  20/20        EV  8     Int  8      God: Trog [******]
Gold 0           SH  0     Dex 12      Spells:  0 memorised, 21 levels left

rFire  + + +     SeeInvis .     j - +6,+12 battleaxe "Black" {chop, Str-2}
rCold  + + .     Clarity  .     c - +1 plate armour {rF+}
rNeg   + . .     Conserve .     (no shield)
rPois  +         rCorr    .     o - +1 spiked helmet
rElec  +         rRot     +     b - +0 cloak of the City {rC+ Dex+3}
SustAb . .       Spirit   .     y - +1 pair of dwarf gloves
rMut   .         Warding  .     i - +2 pair of boots
Saprov . . .     Stasis   .     d - amulet of faith
                                m - ring of protection from fire
                                a - ring of protection from fire

@: flying, quite resistant to hostile enchantments, extremely unstealthy
A: large and strong wings, icy blue scales 1, iridescent scales 1, cold
resistance 1, fast metabolism 1, life protection 1, electricity resistance,
unbreathing, petrification resistance, AC +16
a: Stop Flying, Burn Spellbooks, Berserk, Trog's Hand, Brothers in Arms,
Renounce Religion
}: 1/15 runes: serpentine


You were on level 4 of the Depths.
You worshipped Trog.
Trog was exalted by your worship.
You were not hungry.

You visited 6 branches of the dungeon, and saw 40 of its levels.
You visited the Abyss 1 time.


Innate Abilities, Weirdness & Mutations

You are resistant to torment.
You are immune to poison.
You can fly continuously.
Your stone body is very resilient (AC +16).
Your wings are large and strong.
You resist negative energy.
You are resistant to electric shocks.
You can survive without breathing.
You are immune to petrification.
You are partially covered in icy blue scales (AC +1).
You are partially covered in iridescent scales (AC +4).
Your flesh is cold resistant.
You have a fast metabolism.


   Skills:
 + Level 20.3 Fighting
 + Level 23.4 Axes
 + Level 20.2 Armour
 - Level 1.5 Dodging


You had 21 spell levels left.
You didn't know any spells.

Inventory:

Hand weapons
 j - the +6,+12 battleaxe "Black" (weapon) {chop, Str-2}
   (Trog gifted it to you on level 2 of the Depths)

   It inflicts extra damage upon your enemies.
   It affects your strength (-2).
Armour
 b - the +0 cloak of the City (worn) {rC+ Dex+3}
   (You found it on level 2 of the Depths)

   It affects your dexterity (+3).
   It protects you from cold.
 c - a +1 plate armour of fire resistance (worn)
 f - a -1 pair of elven boots
 i - a +2 pair of boots (worn)
 o - a +1 spiked helmet (worn)
 y - a +1 pair of dwarven gloves (worn)
Magical devices
 q - a wand of teleportation (4)
 G - a wand of hasting (1)
Comestibles
 e - 13 meat rations
Scrolls
 g - 3 scrolls of identify
 x - a scroll of remove curse
Jewellery
 a - a ring of protection from fire (left hand)
 d - an amulet of faith (around neck)
 k - an uncursed ring of flight {unknown}
 m - a ring of protection from fire (right hand)
Potions
 h - a potion of resistance
 l - a potion of heal wounds
 n - 15 potions of curing
 p - a potion of might {unknown}
 r - a potion of restore abilities
 u - 3 potions of speed
 E - a potion of lignification
 N - 2 potions of magic {unknown}
 Y - a potion of beneficial mutation {unknown}

Dungeon Overview and Level Annotations

Branches:
Dungeon (16/16)            Temple (0/1) D:5             Orc (3/4) D:11
    Elf (0/3) Orc:3          Lair (8/8) D:11          Swamp (0/5) Lair:4
  Snake (5/5) Lair:5        Slime (0/6) Lair:6       Vaults (4/5) D:14
  Blade (0/1) Vaults:3     Forest (0/5) Vaults:2     Depths (4/6) D:16

Altars:
Cheibriados
Nemelex Xobeh
Xom
Yredelemnul
the Shining One
Beogh

Shops:
D:13 (   Orc:2 (   Vaults:4 *   Depths:1 }   Depths:2 (   Depths:3 ?

Portals:
Hell: Depths:1 Depths:2 Depths:3 Depths:4
Abyss: D:11 Depths:3 Depths:4
Pandemonium: Depths:1 Depths:3
Trove: D:10 (give +4,+4 demon blade)


Message History

You hear a zap.
You are blasted!
You hear a zap.
Something tries to affect you, but you resist.
It hits you but does no damage.
You hear a zap.
Something tries to affect you, but you resist.
You hear a zap.
Something tries to affect you, but you resist.
It hits you but does no damage.
Deactivating autopickup; reactivate with Ctrl-A.
It hits you but does no damage.
You hear a zap.
You slash it!
Reactivating autopickup.
You slash it! You completely miss it.
Your plate armour prevents you from hitting it.
You hear a zap.
You are blasted!
You die...

..##..# #........## ..#...#
#()......# .#....#####
#...#.#.###
#..\..##..#####...(....##
......##....####.#..)#..##
#.....##.......##........#
..>###.#.###...).#.#.#....#
###...###...###...#.......#
.....#...#......@{##......#
....#.....#.....#¤.##....)
....#.....#.....#..# #$...
....#.....#..¤¤.#..# #..
.....#...#......{#.. #
###.#.###.#.###..#..#
...#.......#...#.#...
....#.<.<.#.....# ...
...#...^...#....###


There were no monsters in sight!

Vanquished Creatures
  An ancient lich (Depths:4)
  Boris (Depths:3)
  Mennas (Vaults:4)
  A bone dragon (Abyss:1)
  Xtahua (Depths:4)
  3 tentacled monstrosities
  A titan (Depths:3)
  2 liches
  2 sphinxes
  Roxanne (Snake:4)
  A tengu reaver (Depths:2)
  A draconian knight (Depths:4)
  7 vault wardens
  Wiglaf (Vaults:3)
  4 fire giants
  An emperor scorpion (Depths:4)
  2 frost giants
  Gastronok (D:12)
  An orc warlord (Depths:4)
  A draconian annihilator (Depths:4)
  34 stone giants
  8 greater nagas
  A vampire knight (Depths:4)
  2 eidola (Depths:4)
  A deep elf demonologist (Vaults:3)
  A yellow draconian (Depths:4)
  Azrael (Snake:1)
  A dire elephant (Depths:4)
  14 ettins
  A deep elf death mage (Vaults:3)
  2 minotaurs (Depths:1)
  3 ironheart preservers
  8 vault guards
  4 fire dragons
  10 hydras
  Harold (Lair:5)
  20 yaktaur captains
  3 great orbs of eyes
  An ice dragon (shapeshifter) (Depths:3)
  2 ice dragons (Depths:2)
  2 ravenous feature mimics
  5 dancing weapons
  8 ogre magi
  5 anacondas
  3 rakshasas (Depths:1)
  5 death yaks (Lair:4)
  An alligator (Depths:4)
  6 deep troll earth magi
  A spectral stone giant (Vaults:3)
  2 deep troll shamans
  A tengu warrior (Depths:2)
  A wretched star (Abyss:1)
  32 naga warriors
  A vampire mage (Depths:2)
  30 centaur warriors
  11 very ugly things
  A catoblepas (Lair:7)
  6 orc high priests
  3 fire crabs
  A fire crab (shapeshifter) (Vaults:1)
  4 deep elf knights
  16 hell knights
  2 shadow wraiths (Depths:4)
  An ice devil (Vaults:4)
  10 wizards
  7 iron trolls
  2 shadow demons
  4 unseen horrors
  4 deep trolls
  2 giant orange brains (Depths:4)
  A flayed ghost (Depths:4)
  Pikel (D:7)
  9 ironbrand convokers
  6 necromancers
  A phantasmal warrior (Depths:4)
  A swamp dragon (shapeshifter) (Depths:2)
  A wolf spider zombie (Depths:4)
  Joseph (D:7)
  A deep elf conjurer (Vaults:4)
  11 orc knights
  17 hill giants
  A shadow dragon skeleton (Vaults:4)
  A shining eye (Lair:6)
  A wolf spider (Depths:4)
  6 cyclopes
  3 orc sorcerers
  5 lindwurms (Depths:4)
  A stone giant zombie (Vaults:4)
  3 red wasps
  A red wasp (shapeshifter) (Depths:2)
  9 griffons
  A frost giant zombie (Vaults:4)
  A sixfirhy (Depths:1)
  2 spiny worms
  A black mamba (shapeshifter) (Vaults:2)
  13 elephants
  33 black mambas
  A guardian serpent (Snake:3)
  A draconian (shapeshifter) (Depths:3)
  An orange demon (Vaults:4)
  12 vault sentinels
  A feature mimic (D:12)
  12 spiny frogs
  2 smoke demons (Abyss:1)
  54 yaktaurs
  6 komodo dragons
  18 naga magi
  5 hellwings
  A deep elf priest (Depths:4)
  Grinder (D:5)
  A hydra zombie (D:14)
  4 raiju (Abyss:1)
  An orb spider (Depths:4)
  An ancient zyme (Abyss:1)
  2 blue devils
  7 trolls
  A fire drake (shapeshifter) (D:14)
  A fire drake (Lair:8)
  A jumping spider (shapeshifter) (Vaults:4)
  A polar bear (shapeshifter) (D:16)
  8 two-headed ogres
  A stone giant simulacrum (Vaults:2)
  2 grizzly bears (shapeshifter) (Depths:2)
  2 hydra skeletons
  26 slime creatures
  2 red wasp zombies
  A raven (shapeshifter) (Vaults:1)
  3 boulder beetles
  3 trapdoor spiders
  32 blink frogs
  A fire dragon zombie (D:16)
  89 ugly things
  A brown ooze (shapeshifter) (Depths:2)
  A dire elephant simulacrum (Depths:4)
  An ettin zombie (Depths:1)
  3 trapdoor spiders (shapeshifter)
  A fire dragon skeleton (D:15)
  A deep elf mage (Vaults:4)
  12 redbacks
  2 baby alligators (shapeshifter)
  8 basilisks
  2 snapping turtles (Depths:4)
  11 water elementals
  A tarantella (shapeshifter) (Depths:2)
  An elf zombie (Depths:4)
  An ettin skeleton (Depths:1)
  51 yaks
  A wyvern (D:13)
  A ynoxinul (Depths:1)
  2 hill giant zombies
  2 shadows (Depths:4)
  A vampire (D:16)
  11 sharks
  17 vampire mosquitoes
  2 tarantellas
  A wyvern (shapeshifter) (Depths:2)
  3 chaos spawn
  3 wraiths
  Grum (D:12)
  4 fire elementals (Snake:1)
  A hill giant skeleton (D:14)
  2 manticores
  8 hippogriffs
  A merfolk (shapeshifter) (Depths:2)
  5 deep elf fighters
  18 wolves
  A manticore (shapeshifter) (Depths:2)
  5 mottled dragons
  21 orc warriors
  4 freezing wraiths
  2 hell hounds (Snake:1)
  3 slaves (D:7)
  2 black bears
  82 nagas
  9 porcupines
  A small abomination (Abyss:1)
  A black bear (shapeshifter) (Depths:3)
  An ice beast (shapeshifter) (Depths:4)
  A sky beast (D:14)
  A yellow wasp (D:15)
  A phantom (D:4)
  12 ice beasts
  2 tengu (D:10)
  4 human zombies
  A tengu (shapeshifter) (Depths:2)
  A snapping turtle zombie (Depths:4)
  18 ogres
  11 crocodiles
  A rotting devil (Depths:1)
  A boring beetle (shapeshifter) (Depths:2)
  24 centaurs
  11 giant slugs
  A lava worm (Depths:1)
  An earth elemental (Vaults:2)
  A yaktaur zombie (Vaults:3)
  3 wargs
  9 agate snails
  4 big kobolds
  A wyvern zombie (D:14)
  16 giant frogs
  A yaktaur skeleton (D:14)
  22 water moccasins
  2 cyclops skeletons (D:14)
  A hippogriff zombie (D:11)
  An eye of draining (shapeshifter) (Depths:4)
  A lava fish (Depths:1)
  9 killer bees
  2 jellyfish (D:10)
  A hippogriff skeleton (D:14)
  An electric eel (D:10)
  18 crimson imps
  15 wights
  4 goliath beetles
  9 orc priests
  A lava snake (Depths:1)
  2 basilisk zombies
  A water moccasin zombie (D:9)
  A centaur skeleton (D:5)
  A cyclops simulacrum (D:15)
  16 hounds
  8 jellies
  24 orc wizards
  A quasit (Depths:1)
  9 worker ants
  6 iguanas
  4 scorpions
  11 sheep
  A mottled dragon skeleton (D:13)
  A big kobold skeleton (D:7)
  3 boggarts
  A mottled dragon zombie (Depths:4)
  2 mummies
  3 gnolls (D:4)
  13 green rats
  4 giant centipedes
  3 lemures
  42 adders
  5 giant mites
  A white imp (Depths:3)
  6 worms
  7 ufetubi
  7 giant eyeballs
  7 giant geckos
  2 oozes (D:2)
  83 orcs
  5 ball pythons
  19 bats
  A bat skeleton (D:6)
  4 giant cockroaches
  19 goblins
  22 hobgoblins
  21 jackals
  33 kobolds
  A giant gecko zombie (D:4)
  10 giant newts
  A giant spore (D:8)
  A goblin skeleton (D:4)
  14 illusory rakshasas
  2 orc zombies
  22 quokkas
  31 rats
  A rat zombie (D:5)
  5 ballistomycetes
  6 fungi
  4 plants
1789 creatures vanquished.

Vanquished Creatures (collateral kills)
  A storm dragon (Depths:4)
  An ancient bear (Depths:4)
  2 hydras
  Nessos (Snake:2)
  The ghost of knark the Cleaver, an experienced GrBe of Trog (Lair:1)
  A hill giant (Depths:3)
  A wolf spider (Depths:4)
  A red wasp (Vaults:4)
  A black mamba (Snake:2)
  An anaconda simulacrum (Depths:4)
  A fire drake (Lair:2)
  A slime creature (Depths:3)
  A hungry ghost (D:7)
  A wolf (Lair:3)
  A naga (Snake:4)
  An orc warrior (D:9)
  An ogre (D:7)
  A crimson imp (D:9)
  2 orc priests
  An orc wizard (D:7)
  A killer bee zombie (D:7)
  7 boggarts
  2 orcs (D:9)
32 creatures vanquished.

Vanquished Creatures (others)
  A stone giant (Vaults:4)
  A deep troll (Lair:2)
  A hill giant (Depths:3)
  A necromancer (Depths:4)
  A black mamba (Snake:3)
  A naga mage (Snake:5)
  A giant frog (D:7)
  An orc priest (D:7)
  An orc wizard (D:7)
  A hound zombie (D:7)
  A boggart (Vaults:2)
  A giant eyeball (Depths:4)
  An orc (D:7)
  A quokka (D:7)
  2 giant spores
  An illusory rakshasa (Depths:1)
  3 fungi (Lair:8)
  4 plants
24 creatures vanquished.

Grand Total: 1845 creatures vanquished

Notes
Turn   | Place    | Note
--------------------------------------------------------------
     0 | D:1      | knark, the Gargoyle Berserker, began the quest for the Orb.
     0 | D:1      | Reached XP level 1. HP: 14/14 MP: 1/1
   166 | D:1      | Reached skill level 3 in Axes
   214 | D:1      | Reached XP level 2. HP: 10/19 MP: 2/2
   578 | D:1      | Acquired Trog's second power
   677 | D:1      | Reached XP level 3. HP: 21/23 MP: 3/3
   950 | D:1      | 950 ||| Upgrading to pair of elven boots (value 100)
   952 | D:1      | 952 ||| Upgrading to leather armour (value 400)
   958 | D:1      | 958 ||| Dropping +0 animal skin (value 300)
   998 | D:2      | Reached skill level 4 in Axes
  1299 | D:2      | Reached XP level 4. HP: 20/28 MP: 4/4
  1957 | D:2      | Noticed an ogre
  1959 | D:2      | 1959 ||| INVOKING BERSERK.
  1962 | D:2      | Killed an ogre
  1962 | D:2      | Reached skill level 5 in Axes
  1962 | D:2      | Reached XP level 5. HP: 32/32 MP: 5/5
  2338 | D:3      | Found a basalt altar of Yredelemnul.
  2529 | D:3      | 2529 ||| INVOKING BERSERK.
  2533 | D:3      | Reached XP level 6. HP: 26/37 MP: 6/6
  2545 | D:3      | Reached skill level 6 in Axes
  3044 | D:3      | Acquired Trog's third power
  3241 | D:3      | 3241 ||| Upgrading to ring mail (value 600)
  3250 | D:3      | 3250 ||| Dropping +0 leather armour (value 400)
  3257 | D:3      | 3257 ||| Using ID scroll.
  3258 | D:3      | 3258 ||| Upgrading to amulet of faith (value 8)
  3427 | D:4      | Found a snail-covered altar of Cheibriados.
  3446 | D:4      | 3446 ||| INVOKING BERSERK.
  3628 | D:4      | Reached skill level 7 in Axes
  3628 | D:4      | Reached XP level 7. HP: 21/41 MP: 7/7
  3993 | D:4      | 3993 ||| INVOKING BERSERK.
  4226 | D:4      | 4226 ||| INVOKING BERSERK.
  4376 | D:4      | 4376 ||| Upgrading to orcish war axe (value 2000)
  4377 | D:4      | 4377 ||| Dropping +0,+0 hand axe (value 1700)
  4496 | D:4      | 4496 ||| Upgrading to chain mail (value 900)
  4510 | D:4      | 4510 ||| Dropping +0 ring mail (value 600)
  4511 | D:4      | 4511 ||| Dropping dwarven ring mail (value 605)
  4512 | D:4      | 4512 ||| Dropping chain mail (value 900)
  4513 | D:4      | 4513 ||| Dropping scale mail (value 700)
  4548 | D:5      | Entered Level 5 of the Dungeon
  4675 | D:5      | Found a sparkling altar of Nemelex Xobeh.
  4782 | D:5      | Found a staircase to the Ecumenical Temple.
  4791 | D:5      | 4791 ||| INVOKING BERSERK.
  4793 | D:5      | Reached skill level 8 in Axes
  4871 | D:5      | Noticed Grinder
  4886 | D:5      | Killed Grinder
  4886 | D:5      | Reached skill level 9 in Axes
  4886 | D:5      | Reached XP level 8. HP: 29/46 MP: 8/8
  4977 | D:5      | Found a shimmering altar of Xom.
  5041 | D:5      | Paralysed by a giant eyeball for 4 turns
  5047 | D:5      | Paralysed by a giant eyeball for 3 turns
  5592 | D:5      | 5592 ||| Using ID scroll.
  5812 | D:6      | Reached skill level 10 in Axes
  6078 | D:6      | 6078 ||| CURING CONFUSION.
  6110 | D:6      | Received a gift from Trog
  6136 | D:6      | 6136 ||| Upgrading to runed dwarven broad axe {god gift} (value 2805)
  6137 | D:6      | 6137 ||| Dropping +0,+0 orcish war axe (value 2000)
  6359 | D:6      | 6359 ||| Using remove curse.
  6361 | D:6      | 6361 ||| Using ID scroll.
  6362 | D:6      | 6362 ||| Dropping ring of fire (value -1)
  6415 | D:7      | 6415 ||| INVOKING BERSERK.
  6417 | D:7      | Reached XP level 9. HP: 51/51 MP: 3/9
  6600 | D:7      | 6600 ||| INVOKING BERSERK.
  6714 | D:7      | 6714 ||| INVOKING BERSERK.
  6722 | D:7      | Reached skill level 11 in Axes
  6824 | D:7      | Noticed Pikel
  6828 | D:7      | 6828 ||| INVOKING BERSERK.
  6832 | D:7      | Killed Pikel
  6945 | D:7      | 6945 ||| INVOKING BERSERK.
  7077 | D:7      | 7077 ||| INVOKING BERSERK.
  7088 | D:7      | Reached skill level 12 in Axes
  7092 | D:7      | 7092 ||| INVOKING BIA.
  7205 | D:7      | HP: 9/51 [orc priest/divine providence (12)]
  7206 | D:7      | 7206 ||| DRINKING HEAL WOUNDS.
  7208 | D:7      | 7208 ||| INVOKING BIA.
  7458 | D:7      | Paralysed by a giant eyeball for 3 turns
  7465 | D:7      | Paralysed by a giant eyeball for 4 turns
  7520 | D:7      | Noticed Joseph
  7526 | D:7      | HP: 12/51 [Joseph/ sling bullet of flame (15)]
  7527 | D:7      | 7527 ||| DRINKING HEAL WOUNDS.
  7529 | D:7      | 7529 ||| INVOKING BERSERK.
  7531 | D:7      | HP: 12/76 [Joseph/uncursed runed quarterstaff (10)]
  7532 | D:7      | Killed Joseph
  7532 | D:7      | Reached XP level 10. HP: 13/56 MP: 3/10
  7805 | D:7      | 7805 ||| Upgrading to crested helmet (value 100)
  7807 | D:7      | 7807 ||| Upgrading to orcish plate armour (value 1100)
  7826 | D:7      | 7826 ||| Using remove curse.
  7827 | D:7      | 7827 ||| Dropping +0 chain mail (value 900)
  7828 | D:7      | 7828 ||| Dropping orcish plate armour (value 1100)
  7832 | D:7      | 7832 ||| Using ID scroll.
  7833 | D:7      | 7833 ||| Upgrading to ring of protection from fire (value 49)
  7866 | D:7      | 7866 ||| INVOKING BERSERK.
  8047 | D:8      | Paralysed by a giant eyeball for 2 turns
  8054 | D:8      | Paralysed by a giant eyeball for 3 turns
  8060 | D:8      | Received a gift from Trog
  8060 | D:8      | Reached skill level 13 in Axes
  8061 | D:8      | Paralysed by a giant eyeball for 3 turns
  8301 | D:8      | Found a shimmering altar of Xom.
  8581 | D:8      | 8581 ||| Using ID scroll.
  8582 | D:8      | 8582 ||| Dropping amulet of resist mutation (value 7)
  8611 | D:9      | 8611 ||| INVOKING BERSERK.
  8622 | D:9      | 8622 ||| INVOKING BIA.
  8624 | D:9      | Received a gift from Trog
  8627 | D:9      | 8627 ||| CURING CONFUSION.
  8955 | D:9      | 8955 ||| INVOKING BERSERK.
  9115 | D:9      | Found a glowing golden altar of the Shining One.
  9252 | D:9      | Reached skill level 14 in Axes
  9370 | D:9      | 9370 ||| Using ID scroll.
  9371 | D:9      | Paralysed by a potion of paralysis for 5 turns
  9408 | D:10     | Entered Level 10 of the Dungeon
  9574 | D:10     | Paralysed by a giant eyeball for 3 turns
  9662 | D:10     | Found a portal to a secret trove of treasure.
  9796 | D:10     | 9796 ||| INVOKING BERSERK.
  9797 | D:10     | Received a gift from Trog
  9797 | D:10     | Reached XP level 11. HP: 60/60 MP: 3/11
  9848 | D:10     | 9848 ||| Stepping randomly (disturbance).
  9893 | D:10     | 9893 ||| INVOKING BERSERK.
 10000 | D:10     | Noticed a hill giant
 10001 | D:10     | 10001 ||| INVOKING BERSERK.
 10006 | D:10     | Killed a hill giant
 10079 | D:10     | 10079 ||| INVOKING BERSERK.
 10168 | D:10     | Reached skill level 15 in Axes
 10366 | D:10     | 10366 ||| Using ID scroll.
 10367 | D:10     | 10367 ||| Upgrading to +5 ring of strength (value 12)
 10387 | D:11     | 10387 ||| INVOKING BERSERK.
 10495 | D:11     | 10495 ||| INVOKING BERSERK.
 10582 | D:11     | Received a gift from Trog
 10770 | D:11     | 10770 ||| Ignoring rotting devil
 10770 | D:11     | 10770 ||| Ignoring iron imp
 10772 | D:11     | 10772 ||| Ignoring iron devil
 10775 | D:11     | 10775 ||| Ignoring orange demon
 10776 | D:11     | 10776 ||| Ignoring hell beast
 10776 | D:11     | Found a one-way gate to the infinite horrors of the Abyss.
 10785 | D:11     | 10785 ||| Ignoring kobold
 10788 | D:11     | 10788 ||| Unignoring kobold
 10838 | D:11     | Found a staircase to the Lair.
 10839 | D:11     | 10839 ||| Found L
 10845 | D:11     | 10845 ||| INVOKING BERSERK.
 10923 | D:11     | Noticed a hill giant
 10930 | D:11     | 10930 ||| INVOKING BERSERK.
 10934 | D:11     | Killed a hill giant
 11088 | D:11     | 11088 ||| INVOKING BERSERK.
 11191 | D:11     | Reached skill level 16 in Axes
 11275 | D:11     | Found a staircase to the Orcish Mines.
 11276 | D:11     | 11276 ||| Found O
 11338 | D:11     | 11338 ||| Upgrading to glowing dwarven battleaxe {god gift} (value 3105)
 11339 | D:11     | 11339 ||| Upgrading to glowing battleaxe {god gift} (value 3100)
 11340 | D:11     | 11340 ||| Upgrading to +3,+3 dwarven battleaxe of chopping (value 2770)
 11341 | D:11     | 11341 ||| Dropping +0,+3 anti-magic battleaxe (value 2735)
 11342 | D:11     | 11342 ||| Dropping battleaxe (value 2600)
 11343 | D:11     | 11343 ||| Dropping +0,+6 dwarven anti-magic broad axe (value 2500)
 11357 | D:11     | You fall through a shaft!
 11358 | D:12     | 11358 ||| Unignoring hell beast
 11358 | D:12     | 11358 ||| Unignoring orange demon
 11358 | D:12     | 11358 ||| Unignoring iron devil
 11358 | D:12     | 11358 ||| Unignoring iron imp
 11358 | D:12     | 11358 ||| Unignoring rotting devil
 11679 | D:12     | Noticed Gastronok
 11682 | D:12     | 11682 ||| INVOKING BERSERK.
 11688 | D:12     | Killed Gastronok
 11688 | D:12     | Reached XP level 12. HP: 64/64 MP: 12/12
 11783 | D:12     | Received a gift from Trog
 11884 | D:12     | Found a basalt altar of Yredelemnul.
 12106 | D:12     | Noticed Grum
 12114 | D:12     | Killed Grum
 12216 | Lair:1   | Entered Level 1 of the Lair of Beasts
 12217 | Lair:1   | 12217 ||| Entered L
 12547 | Lair:1   | Noticed a six-headed hydra
 12548 | Lair:1   | 12548 ||| INVOKING BIA.
 12551 | Lair:1   | 12551 ||| INVOKING BERSERK.
 12553 | Lair:1   | Killed a seven-headed hydra
 12646 | Lair:1   | Found a frozen archway.
 12655 | Lair:1   | Reached skill level 17 in Axes
 12668 | Lair:1   | Noticed knark's ghost (experienced GrBe)
 12668 | Lair:1   | 12668 ||| INVOKING BIA.
 12671 | Lair:1   | 12671 ||| INVOKING BERSERK.
 12674 | Lair:1   | Killed knark's ghost
 12970 | Lair:1   | 12970 ||| Ignoring rat
 12973 | Lair:1   | 12973 ||| Unignoring rat
 13323 | Lair:1   | 13323 ||| Upgrading to pair of dwarven gloves (value 105)
 13327 | Lair:1   | 13327 ||| Using ID scroll.
 13328 | Lair:1   | 13328 ||| Dropping ring of ice (value -1)
 13415 | Lair:2   | 13415 ||| Upgrading to glowing orcish battleaxe (value 3100)
 13416 | Lair:2   | 13416 ||| Upgrading to +3,+3 dwarven battleaxe of chopping (value 2770)
 13417 | Lair:2   | 13417 ||| Dropping +2,+5 orcish battleaxe (value 2720)
 13447 | Lair:2   | 13447 ||| INVOKING BERSERK.
 13754 | Lair:2   | Noticed an eight-headed hydra
 13755 | Lair:2   | 13755 ||| INVOKING BIA.
 13759 | Lair:2   | 13759 ||| INVOKING BIA.
 13760 | Lair:2   | 13760 ||| INVOKING BERSERK.
 13764 | Lair:2   | Killed a 14-headed hydra
 14437 | Lair:3   | Reached skill level 18 in Axes
 14438 | Lair:3   | Received a gift from Trog
 14602 | Lair:3   | 14602 ||| INVOKING BERSERK.
 14609 | Lair:3   | 14609 ||| Ignoring blink frog
 14609 | Lair:3   | 14609 ||| Unignoring blink frog
 14837 | Lair:3   | Noticed a seven-headed hydra
 14838 | Lair:3   | 14838 ||| INVOKING BIA.
 14841 | Lair:3   | 14841 ||| INVOKING BERSERK.
 14846 | Lair:3   | Killed an eight-headed hydra
 14846 | Lair:3   | Reached skill level 3 in Armour
 14846 | Lair:3   | Reached XP level 13. HP: 70/70 MP: 13/13
 15300 | Lair:3   | 15300 ||| Upgrading to cloak (value 100)
 15303 | Lair:3   | 15303 ||| Recharging a wand.
 15306 | Lair:3   | 15306 ||| Using ID scroll.
 15307 | Lair:3   | 15307 ||| Upgrading to ring of protection from fire (value 49)
 15309 | Lair:3   | 15309 ||| Dropping +5 ring of strength (value 12)
 15310 | Lair:3   | 15310 ||| Using ID scroll.
 15424 | Lair:4   | Received a gift from Trog
 15432 | Lair:4   | Got a steaming battleaxe {god gift}
 15475 | Lair:4   | 15475 ||| INVOKING BIA.
 15477 | Lair:4   | 15477 ||| INVOKING BERSERK.
 15519 | Lair:4   | 15519 ||| Upgrading to steaming battleaxe {god gift} (value 3105)
 15519 | Lair:4   | Identified the -1,+9 battleaxe of War {venom, +Rage rElec MR+} (Trog gifted it to you on level 4 of the Lair of Beasts)
 15520 | Lair:4   | 15520 ||| Dropping +3,+3 dwarven battleaxe of chopping (value 2770)
 15541 | Lair:4   | Found a staircase to the Swamp.
 15542 | Lair:4   | 15542 ||| Found S
 15706 | Lair:4   | 15706 ||| INVOKING BERSERK.
 16100 | Lair:4   | 16100 ||| INVOKING BIA.
 16102 | Lair:4   | 16102 ||| INVOKING BERSERK.
 16350 | Lair:4   | 16350 ||| INVOKING BERSERK.
 16360 | Lair:4   | Reached skill level 6 in Fighting
 16362 | Lair:4   | Reached skill level 6 in Armour
 16478 | Lair:4   | 16478 ||| Using ID scroll.
 16479 | Lair:4   | 16479 ||| Dropping ring of protection from magic (value 14)
 16579 | Lair:5   | Noticed Harold
 16588 | Lair:5   | Killed Harold
 16595 | Lair:5   | 16595 ||| INVOKING BERSERK.
 17013 | Lair:5   | Found a staircase to the Snake Pit.
 17014 | Lair:5   | 17014 ||| Found P
 17295 | Lair:5   | Found a dark tunnel.
 17324 | Lair:5   | Received a gift from Trog
 17554 | Lair:5   | 17554 ||| Using ID scroll.
 17555 | Lair:5   | 17555 ||| Enchanting body armour.
 17995 | Lair:6   | Found a staircase to the Slime Pits.
 17997 | Lair:6   | Gained mutation: Your flesh is cold resistant. [a shining eye]
 18001 | Lair:6   | Gained mutation: You have a fast metabolism. [a shining eye]
 18004 | Lair:6   | Gained mutation: Your wings are large and strong. [gargoyle growth]
 18004 | Lair:6   | Reached XP level 14. HP: 84/84 MP: 14/14
 18005 | Lair:6   | 18005 ||| FLYING.
 18194 | Lair:6   | 18194 ||| Using remove curse.
 18616 | Lair:6   | 18616 ||| Upgrading to runed wizard hat (value 400)
 18619 | Lair:6   | 18619 ||| Upgrading to +0 crested helmet (value 100)
 18624 | Lair:6   | 18624 ||| Dropping +0 wizard hat of intelligence (value 0)
 18679 | Lair:7   | Received a gift from Trog
 18691 | Lair:7   | 18691 ||| Upgrading to glowing battleaxe {god gift} (value 3100)
 18692 | Lair:7   | 18692 ||| Dropping -1,+9 battleaxe of War {venom, +Rage rElec MR+} (value 2775)
 18898 | Lair:7   | Reached skill level 9 in Fighting
 19472 | Lair:7   | 19472 ||| INVOKING BIA.
 19547 | Lair:8   | Entered Level 8 of the Lair of Beasts
 19549 | Lair:8   | 19549 ||| Ignoring komodo dragon
 19554 | Lair:8   | 19554 ||| Unignoring komodo dragon
 19564 | Lair:8   | Reached skill level 9 in Armour
 19720 | Lair:8   | 19720 ||| INVOKING BIA.
 19722 | Lair:8   | 19722 ||| INVOKING BERSERK.
 19882 | Lair:8   | 19882 ||| Ignoring blink frog
 19882 | Lair:8   | 19882 ||| Ignoring hippogriff
 20182 | Lair:8   | 20182 ||| Unignoring blink frog
 20184 | Lair:8   | Reached skill level 19 in Axes
 20187 | Lair:8   | Received a gift from Trog
 20188 | Lair:8   | 20188 ||| Unignoring hippogriff
 20211 | Lair:8   | 20211 ||| Upgrading to glowing battleaxe {god gift} (value 3100)
 20212 | Lair:8   | 20212 ||| Upgrading to +5,+5 anti-magic battleaxe (value 2825)
 20213 | Lair:8   | 20213 ||| Dropping +0,+5 battleaxe of chopping (value 2775)
 20449 | Lair:8   | 20449 ||| Ignoring spiny frog
 20450 | Lair:8   | 20450 ||| Unignoring spiny frog
 20896 | Orc:1    | Entered Level 1 of the Orcish Mines
 20897 | Orc:1    | 20897 ||| Entered O
 21001 | Orc:2    | 21001 ||| INVOKING BERSERK.
 21093 | Orc:2    | Found a roughly hewn altar of Beogh.
 21176 | Orc:2    | Received a gift from Trog
 21205 | Orc:2    | 21205 ||| Upgrading to runed battleaxe {god gift} (value 3100)
 21206 | Orc:2    | 21206 ||| Upgrading to +5,+5 anti-magic battleaxe (value 2825)
 21207 | Orc:2    | 21207 ||| Dropping +0,+3 anti-magic battleaxe (value 2735)
 21218 | Orc:2    | 21218 ||| INVOKING BERSERK.
 21470 | Orc:2    | Found Seamoarr's Antique Weapon Boutique.
 21750 | Orc:3    | Found a staircase to the Elven Halls.
 21835 | Orc:3    | Received a gift from Trog
 21977 | D:13     | 21977 ||| Using remove curse.
 22173 | D:13     | 22173 ||| INVOKING BERSERK.
 22494 | D:13     | Found Triduikh's Weapon Shoppe.
 22887 | D:13     | 22887 ||| Using ID scroll.
 22888 | D:13     | 22888 ||| Dropping ring of sustain abilities (value 2)
 22978 | D:14     | 22978 ||| INVOKING TROG'S HAND.
 22979 | D:14     | 22979 ||| INVOKING BERSERK.
 22982 | D:14     | Received a gift from Trog
 22982 | D:14     | Reached XP level 15. HP: 93/93 MP: 5/15
 23059 | D:14     | 23059 ||| Upgrading to glowing battleaxe {god gift} (value 3100)
 23060 | D:14     | 23060 ||| Dropping +5,+5 anti-magic battleaxe (value 2825)
 23149 | D:14     | 23149 ||| Ignoring slime creature
 23154 | D:14     | 23154 ||| Unignoring slime creature
 23162 | D:14     | 23162 ||| INVOKING BERSERK.
 23380 | D:14     | Found a gate to the Vaults.
 23782 | D:14     | 23782 ||| Using remove curse.
 24148 | D:15     | Entered Level 15 of the Dungeon
 24267 | D:15     | Received a gift from Trog
 24715 | D:15     | 24715 ||| INVOKING TROG'S HAND.
 24990 | D:16     | Entered Level 16 of the Dungeon
 25004 | D:16     | 25004 ||| INVOKING BERSERK.
 25007 | D:16     | Reached skill level 12 in Fighting
 25245 | D:16     | Found a staircase to the Depths.
 25246 | D:16     | 25246 ||| Found U
 25388 | D:16     | 25388 ||| INVOKING TROG'S HAND.
 25395 | D:16     | 25395 ||| INVOKING TROG'S HAND.
 25461 | D:16     | Received a gift from Trog
 25476 | D:16     | 25476 ||| Upgrading to runed battleaxe {god gift} (value 3100)
 25477 | D:16     | 25477 ||| Upgrading to +4,+7 anti-magic battleaxe (value 2855)
 25478 | D:16     | 25478 ||| Dropping +1,+5 battleaxe of venom (value 2710)
 25536 | D:16     | Reached skill level 12 in Armour
 25791 | D:15     | 25791 ||| CURING CONFUSION.
 26078 | Snake:1  | Entered Level 1 of the Snake Pit
 26079 | Snake:1  | 26079 ||| Entered P
 26288 | Snake:1  | Noticed Azrael
 26289 | Snake:1  | 26289 ||| INVOKING BERSERK.
 26301 | Snake:1  | Killed Azrael
 27051 | Snake:1  | 27051 ||| Enchanting weapon.
 27250 | Snake:1  | 27250 ||| Enchanting body armour.
 27524 | Snake:1  | 27524 ||| DRINKING RESTORE ABILITIES.
 27525 | Snake:1  | 27525 ||| DRINKING RESTORE ABILITIES.
 27526 | Snake:1  | 27526 ||| DRINKING RESTORE ABILITIES.
 27527 | Snake:1  | 27527 ||| DRINKING RESTORE ABILITIES.
 27528 | Snake:1  | 27528 ||| DRINKING RESTORE ABILITIES.
 27529 | Snake:1  | 27529 ||| DRINKING RESTORE ABILITIES.
 27530 | Snake:1  | 27530 ||| DRINKING RESTORE ABILITIES.
 27616 | Snake:2  | Reached XP level 16. HP: 56/103 MP: 5/16
 27619 | Snake:2  | 27619 ||| INVOKING BERSERK.
 27800 | Snake:2  | Received a gift from Trog
 27989 | Snake:2  | Noticed Nessos
 27990 | Snake:2  | 27990 ||| INVOKING BIA.
 27996 | Snake:2  | 27996 ||| INVOKING BERSERK.
 28004 | Snake:2  | Killed Nessos
 28861 | Snake:3  | Reached skill level 20 in Axes
 29085 | Snake:3  | 29085 ||| INVOKING BERSERK.
 29737 | Snake:4  | Received a gift from Trog
 29850 | Snake:4  | 29850 ||| Upgrading to glowing battleaxe {god gift} (value 3100)
 29851 | Snake:4  | 29851 ||| Upgrading to +4,+7 anti-magic battleaxe (value 2855)
 29852 | Snake:4  | 29852 ||| Dropping +0,+7 battleaxe of chopping (value 2815)
 29946 | Snake:4  | 29946 ||| INVOKING BERSERK.
 30237 | Snake:4  | Noticed Roxanne
 30238 | Snake:4  | 30238 ||| INVOKING BIA.
 30239 | Snake:4  | 30239 ||| INVOKING BIA.
 30240 | Snake:4  | 30240 ||| INVOKING BERSERK.
 30246 | Snake:4  | Killed Roxanne
 30658 | Snake:5  | Entered Level 5 of the Snake Pit
 30812 | Snake:5  | 30812 ||| INVOKING BERSERK.
 30911 | Snake:5  | 30911 ||| INVOKING BERSERK.
 30955 | Snake:5  | 30955 ||| READING TELEPORTATION.
 31202 | Snake:5  | 31202 ||| INVOKING BERSERK.
 31491 | Snake:5  | Received a gift from Trog
 31828 | Snake:5  | 31828 ||| INVOKING BERSERK.
 31851 | Snake:5  | 31851 ||| READING TELEPORTATION.
 32139 | Snake:5  | 32139 ||| INVOKING BERSERK.
 32169 | Snake:5  | Reached XP level 17. HP: 111/111 MP: 5/17
 32445 | Snake:5  | 32445 ||| INVOKING BERSERK.
 32464 | Snake:5  | 32464 ||| READING TELEPORTATION.
 32701 | Snake:5  | Received a gift from Trog
 32709 | Snake:5  | 32709 ||| Upgrading to glowing battleaxe {god gift} (value 3100)
 32710 | Snake:5  | 32710 ||| Upgrading to +4,+7 anti-magic battleaxe (value 2855)
 32711 | Snake:5  | 32711 ||| Dropping +1,+4 anti-magic battleaxe (value 2765)
 32753 | Snake:5  | Got a serpentine rune of Zot
 33480 | Vaults:1 | Entered Level 1 of the Vaults
 33481 | Vaults:1 | 33481 ||| Entered V
 33631 | Vaults:1 | 33631 ||| INVOKING TROG'S HAND.
 33639 | Vaults:1 | 33639 ||| INVOKING BERSERK.
 33958 | Vaults:1 | 33958 ||| INVOKING BERSERK.
 34167 | Vaults:1 | 34167 ||| INVOKING BERSERK.
 34456 | Vaults:1 | 34456 ||| INVOKING TROG'S HAND.
 34614 | Vaults:1 | 34614 ||| Ignoring fire crab
 34614 | Vaults:1 | Gained mutation: You have a very fast metabolism. [potion of mutation]
 34614 | Vaults:1 | Gained mutation: You evolve. [potion of mutation]
 34616 | Vaults:1 | 34616 ||| READING TELEPORTATION.
 34617 | Vaults:1 | 34617 ||| Unignoring fire crab
 34789 | Vaults:1 | Received a gift from Trog
 35229 | Vaults:1 | 35229 ||| Upgrading to spiked helmet (value 100)
 35232 | Vaults:1 | 35232 ||| Dropping -2 crested helmet (value 0)
 35233 | Vaults:1 | 35233 ||| Using ID scroll.
 35234 | Vaults:1 | 35234 ||| Dropping cursed -2 ring of intelligence (value -1)
 35285 | Vaults:2 | 35285 ||| INVOKING TROG'S HAND.
 35492 | Vaults:2 | Reached skill level 15 in Fighting
 35504 | Vaults:2 | 35504 ||| INVOKING BIA.
 35505 | Vaults:2 | 35505 ||| INVOKING TROG'S HAND.
 35506 | Vaults:2 | 35506 ||| INVOKING BERSERK.
 35558 | Vaults:2 | 35558 ||| INVOKING BIA.
 35561 | Vaults:2 | 35561 ||| INVOKING BERSERK.
 35824 | Vaults:2 | Found a flickering gateway to a bazaar.
 35915 | Vaults:2 | Found a staircase to the Enchanted Forest.
 35966 | Vaults:2 | 35966 ||| INVOKING BERSERK.
 36257 | Vaults:2 | 36257 ||| INVOKING TROG'S HAND.
 36310 | Vaults:2 | Reached skill level 15 in Armour
 36336 | Vaults:2 | 36336 ||| INVOKING BERSERK.
 36343 | Vaults:2 | Received a gift from Trog
 36376 | Vaults:2 | Gained mutation: You are partially covered in iridescent scales (AC +4). [evolution]
 36416 | Vaults:2 | Got a slimy battleaxe {god gift}
 36495 | Vaults:2 | 36495 ||| Upgrading to slimy battleaxe {god gift} (value 3105)
 36495 | Vaults:2 | Identified the +7,+6 battleaxe of Vomipn {flame, SInv} (Trog gifted it to you on level 2 of the Vaults)
 36496 | Vaults:2 | 36496 ||| Dropping +4,+7 anti-magic battleaxe (value 2855)
 36568 | Vaults:2 | 36568 ||| INVOKING BERSERK.
 36804 | Vaults:2 | 36804 ||| Enchanting body armour.
 36879 | Vaults:3 | 36879 ||| INVOKING TROG'S HAND.
 36881 | Vaults:3 | 36881 ||| INVOKING BERSERK.
 36886 | Vaults:3 | Reached skill level 21 in Axes
 36913 | Vaults:3 | Reached XP level 18. HP: 108/120 MP: 18/18
 37053 | Vaults:3 | Found a staircase to the Hall of Blades.
 37201 | Vaults:3 | 37201 ||| INVOKING TROG'S HAND.
 37207 | Vaults:3 | Received a gift from Trog
 37211 | Vaults:3 | 37211 ||| INVOKING BERSERK.
 37213 | Vaults:3 | HP: 36/180 [yaktaur/ steel bolt[a yaktaur captain] (13)]
 37218 | Vaults:3 | HP: 26/180 [yaktaur/ steel bolt[a yaktaur captain] (7)]
 37232 | Vaults:3 | HP: 32/180 [orc knight/orcish dire flail (4)]
 37246 | Vaults:3 | HP: 33/180 [troll[an orc knight] (9)]
 37322 | Vaults:3 | 37322 ||| INVOKING BERSERK.
 37702 | Vaults:3 | 37702 ||| INVOKING BERSERK.
 37719 | Vaults:3 | 37719 ||| READING TELEPORTATION.
 37958 | Vaults:3 | 37958 ||| INVOKING TROG'S HAND.
 37963 | Vaults:3 | Noticed a lich
 37963 | Vaults:3 | Noticed Wiglaf
 37963 | Vaults:3 | 37963 ||| INVOKING BIA.
 37964 | Vaults:3 | 37964 ||| INVOKING BERSERK.
 37977 | Vaults:3 | Killed Wiglaf
 37982 | Vaults:3 | Killed a lich
 38198 | Vaults:3 | 38198 ||| INVOKING BERSERK.
 38302 | Vaults:3 | 38302 ||| Enchanting body armour.
 38648 | Vaults:3 | 38648 ||| INVOKING TROG'S HAND.
 38830 | Vaults:3 | 38830 ||| Using ID scroll.
 38831 | Vaults:3 | 38831 ||| Dropping amulet of clarity (value 6)
 38839 | Vaults:4 | Received a gift from Trog
 38883 | Vaults:4 | 38883 ||| Upgrading to glowing executioner's axe {god gift} (value 3050)
 38884 | Vaults:4 | 38884 ||| Upgrading to +7,+6 battleaxe of Vomipn {flame, SInv} (value 2870)
 38885 | Vaults:4 | 38885 ||| Dropping +0,+3 executioner's axe of electrocution (value 2760)
 39308 | Vaults:4 | 39308 ||| INVOKING TROG'S HAND.
 39477 | Vaults:4 | 39477 ||| INVOKING TROG'S HAND.
 39487 | Vaults:4 | Received a gift from Trog
 39516 | Vaults:4 | Noticed Mennas
 39516 | Vaults:4 | 39516 ||| INVOKING BIA.
 39517 | Vaults:4 | 39517 ||| Ignoring Mennas
 39553 | Vaults:4 | 39553 ||| INVOKING BIA.
 39554 | Vaults:4 | 39554 ||| Unignoring Mennas
 39564 | Vaults:4 | HP: 24/122 [stone giant (20)]
 39565 | Vaults:4 | 39565 ||| DRINKING HEAL WOUNDS.
 39567 | Vaults:4 | 39567 ||| DRINKING HEAL WOUNDS.
 39570 | Vaults:4 | HP: 30/122 [Mennas/eudemon blade of holy wrath (1)]
 39571 | Vaults:4 | 39571 ||| DRINKING HEAL WOUNDS.
 39573 | Vaults:4 | 39573 ||| DRINKING HEAL WOUNDS.
 39574 | Vaults:4 | 39574 ||| DRINKING HEAL WOUNDS.
 39575 | Vaults:4 | 39575 ||| DRINKING HEAL WOUNDS.
 39576 | Vaults:4 | Killed Mennas
 39576 | Vaults:4 | Reached XP level 19. HP: 55/127 MP: 18/18
 39577 | Vaults:4 | 39577 ||| INVOKING BERSERK.
 39813 | Vaults:4 | 39813 ||| INVOKING TROG'S HAND.
 40165 | Vaults:4 | 40165 ||| INVOKING TROG'S HAND.
 40203 | Vaults:4 | Received a gift from Trog
 40486 | Vaults:4 | 40486 ||| INVOKING TROG'S HAND.
 40563 | Vaults:4 | Lost mutation: You have a very fast metabolism. [evolution]
 40644 | Vaults:4 | Found Qainahiu's General Store.
 41083 | Depths:1 | Entered Level 1 of the Depths
 41084 | Depths:1 | 41084 ||| Entered U
 41088 | Depths:1 | 41088 ||| INVOKING TROG'S HAND.
 41089 | Depths:1 | 41089 ||| INVOKING BERSERK.
 41091 | Depths:1 | Received a gift from Trog
 41148 | Depths:1 | 41148 ||| Upgrading to runed battleaxe {god gift} (value 3100)
 41149 | Depths:1 | 41149 ||| Upgrading to +7,+6 battleaxe of Vomipn {flame, SInv} (value 2870)
 41150 | Depths:1 | 41150 ||| Dropping +6,+2 battleaxe of chopping (value 2775)
 41196 | Depths:1 | 41196 ||| INVOKING BERSERK.
 41587 | Depths:1 | Found a gateway to Hell.
 41634 | Depths:1 | 41634 ||| INVOKING BERSERK.
 41707 | Depths:1 | 41707 ||| INVOKING BERSERK.
 41732 | Depths:1 | 41732 ||| ZAPPING TELEPORTATION.
 41734 | Depths:1 | Found Umaduat's Gadget Shop.
 41735 | Depths:1 | 41735 ||| ZAPPING TELEPORTATION.
 41783 | Depths:1 | 41783 ||| INVOKING TROG'S HAND.
 41784 | Depths:1 | 41784 ||| INVOKING BERSERK.
 41787 | Depths:1 | Received a gift from Trog
 41787 | Depths:1 | Reached skill level 22 in Axes
 41811 | Depths:1 | Paralysed by a giant eyeball for 2 turns
 41885 | Depths:1 | 41885 ||| INVOKING BERSERK.
 41995 | Depths:1 | 41995 ||| Upgrading to runed battleaxe {god gift} (value 3100)
 41996 | Depths:1 | 41996 ||| Upgrading to +7,+6 battleaxe of Vomipn {flame, SInv} (value 2870)
 41997 | Depths:1 | 41997 ||| Dropping +2,+3 anti-magic battleaxe (value 2755)
 42061 | Depths:1 | 42061 ||| INVOKING BERSERK.
 42196 | Depths:1 | 42196 ||| INVOKING BERSERK.
 42228 | Depths:1 | 42228 ||| ZAPPING TELEPORTATION.
 42229 | Depths:1 | HP: 30/130 [yaktaur/crossbow (7)]
 42230 | Depths:1 | 42230 ||| DRINKING HEAL WOUNDS.
 42417 | Depths:1 | 42417 ||| Recharging a wand.
 42496 | Depths:1 | 42496 ||| INVOKING BERSERK.
 42551 | Depths:1 | Reached skill level 18 in Fighting
 42609 | Depths:1 | 42609 ||| INVOKING BERSERK.
 42788 | Depths:1 | 42788 ||| Ignoring lemure
 42794 | Depths:1 | 42794 ||| Unignoring lemure
 42800 | Depths:1 | Found a one-way gate leading to the halls of Pandemonium.
 42990 | Depths:1 | Reached XP level 20. HP: 116/136 MP: 19/19
 43113 | Depths:1 | 43113 ||| Upgrading to shiny plate armour (value 1500)
 43136 | Depths:1 | 43136 ||| Dropping +4 orcish plate armour (value 1300)
 43137 | Depths:1 | Identified a scroll of acquirement
 43139 | Depths:1 | 43139 ||| Using ID scroll.
 43140 | Depths:1 | 43140 ||| Dropping ring of teleport control (value -1)
 43193 | Depths:2 | 43193 ||| INVOKING TROG'S HAND.
 43196 | Depths:2 | 43196 ||| CURING CONFUSION.
 43199 | Depths:2 | Found Pyjol's Antique Weapon Emporium.
 43371 | Depths:2 | Got a twisted cloak
 43387 | Depths:2 | 43387 ||| Upgrading to twisted cloak (value 505)
 43390 | Depths:2 | Identified the +0 cloak of the City {rC+ Dex+3} (You found it on level 2 of the Depths)
 43390 | Depths:2 | 43390 ||| Dropping +0 cloak (value 100)
 43391 | Depths:2 | 43391 ||| ZAPPING TELEPORTATION.
 43425 | Depths:2 | 43425 ||| INVOKING TROG'S HAND.
 43478 | Depths:2 | Reached skill level 18 in Armour
 43496 | Depths:2 | Received a gift from Trog
 43811 | Depths:2 | 43811 ||| INVOKING TROG'S HAND.
 43820 | Depths:2 | 43820 ||| INVOKING BERSERK.
 44034 | Depths:2 | 44034 ||| INVOKING BERSERK.
 44047 | Depths:2 | HP: 32/137 [centaur warrior/arrow (11)]
 44048 | Depths:2 | 44048 ||| DRINKING HEAL WOUNDS.
 44050 | Depths:2 | 44050 ||| ZAPPING TELEPORTATION.
 44054 | Depths:2 | 44054 ||| ZAPPING TELEPORTATION.
 44662 | Depths:2 | Paralysed by a giant eyeball for 3 turns
 44668 | Depths:2 | 44668 ||| INVOKING BERSERK.
 44677 | Depths:2 | Received a gift from Trog
 44932 | Depths:2 | Got a steaming battleaxe {god gift}
 44934 | Depths:2 | 44934 ||| Upgrading to steaming battleaxe {god gift} (value 3105)
 44934 | Depths:2 | Identified the +6,+12 battleaxe "Black" {chop, Str-2} (Trog gifted it to you on level 2 of the Depths)
 44935 | Depths:2 | 44935 ||| Dropping +7,+6 battleaxe of Vomipn {flame, SInv} (value 2870)
 45068 | Depths:2 | 45068 ||| INVOKING BERSERK.
 45330 | Depths:2 | 45330 ||| INVOKING BERSERK.
 45349 | Depths:2 | 45349 ||| READING TELEPORTATION.
 45896 | Depths:2 | 45896 ||| INVOKING TROG'S HAND.
 45900 | Depths:2 | Received a gift from Trog
 46142 | Depths:3 | Noticed Boris
 46142 | Depths:3 | 46142 ||| INVOKING BIA.
 46148 | Depths:3 | 46148 ||| INVOKING BERSERK.
 46152 | Depths:3 | Killed Boris
 46264 | Depths:3 | 46264 ||| Ignoring hell knight
 46265 | Depths:3 | 46265 ||| Unignoring hell knight
 46265 | Depths:3 | 46265 ||| Ignoring hell knight
 46266 | Depths:3 | 46266 ||| Unignoring hell knight
 46292 | Depths:3 | Gained mutation: You are partially covered in icy blue scales (AC +1). [evolution]
 46292 | Depths:3 | Lost mutation: You evolve. [end of evolution]
 46306 | Depths:3 | Received a gift from Trog
 46325 | Depths:3 | Reached XP level 21. HP: 79/144 MP: 20/20
 46448 | Depths:3 | 46448 ||| INVOKING BIA.
 46451 | Depths:3 | 46451 ||| INVOKING BERSERK.
 46513 | Depths:3 | 46513 ||| Upgrading to glowing battleaxe {god gift} (value 3100)
 46514 | Depths:3 | 46514 ||| Upgrading to +6,+12 battleaxe "Black" {chop, Str-2} (value 2980)
 46515 | Depths:3 | 46515 ||| Dropping +2,+5 anti-magic battleaxe (value 2795)
 46717 | Depths:3 | 46717 ||| INVOKING BERSERK.
 46948 | Depths:3 | Found Cysy's Magic Scroll Shoppe.
 47532 | Depths:4 | Noticed Xtahua
 47541 | Depths:4 | Killed Xtahua
 47620 | Depths:4 | Received a gift from Trog
 47644 | Depths:4 | 47644 ||| INVOKING TROG'S HAND.
 47659 | Depths:4 | 47659 ||| Ignoring deep elf knight
 47662 | Depths:4 | 47662 ||| Unignoring deep elf knight
 47666 | Depths:4 | 47666 ||| INVOKING TROG'S HAND.
 47673 | Depths:4 | Paralysed by a giant eyeball for 4 turns
 47682 | Depths:4 | 47682 ||| INVOKING BERSERK.
 47686 | Depths:4 | Reached skill level 23 in Axes
 47688 | Depths:4 | Paralysed by a giant eyeball for 4 turns
 47689 | Depths:4 | HP: 54/216 [orc high priest/divine providence (7)]
 47695 | Depths:4 | HP: 31/216 [orc high priest/divine providence (12)]
 47704 | Depths:4 | Paralysed by a giant eyeball for 3 turns
 47718 | Depths:4 | 47718 ||| DRINKING HEAL WOUNDS.
 47721 | Depths:4 | 47721 ||| ZAPPING TELEPORTATION.
 47724 | Depths:4 | 47724 ||| INVOKING BIA.
 47787 | Depths:4 | 47787 ||| INVOKING BERSERK.
 48049 | Depths:4 | 48049 ||| Upgrading to glowing battleaxe {god gift} (value 3100)
 48050 | Depths:4 | 48050 ||| Upgrading to +6,+12 battleaxe "Black" {chop, Str-2} (value 2980)
 48051 | Depths:4 | 48051 ||| Dropping +2,+3 battleaxe of electrocution (value 2830)
 48226 | Depths:4 | Cast into the Abyss (wizard)
 48227 | Abyss:1  | 48227 ||| Shafted?
 48328 | Abyss:1  | 48328 ||| Invisible monster not found???
 48425 | Abyss:1  | Received a gift from Trog
 48520 | Abyss:1  | 48520 ||| INVOKING TROG'S HAND.
 48543 | Depths:4 | Escaped the Abyss
 48597 | Depths:4 | 48597 ||| INVOKING BERSERK.
 49015 | Depths:4 | Noticed an ancient lich
 49016 | Depths:4 | 49016 ||| INVOKING TROG'S HAND.
 49018 | Depths:4 | 49018 ||| INVOKING BIA.
 49018 | Depths:4 | Paralysed by a giant eyeball for 2 turns
 49020 | Depths:4 | 49020 ||| INVOKING BERSERK.
 49039 | Depths:4 | Reached XP level 22. HP: 119/152 MP: 20/20
 49047 | Depths:4 | Killed an ancient lich
 49048 | Depths:4 | HP: 55/228 [snapping turtle (13)]
 49330 | Depths:4 | 49330 ||| Ignoring fire crab
 49330 | Depths:4 | 49330 ||| Upgrading to glowing battleaxe (value 3100)
 49331 | Depths:4 | 49331 ||| Upgrading to +6,+12 battleaxe "Black" {chop, Str-2} (value 2980)
 49332 | Depths:4 | 49332 ||| Dropping +3,+0 battleaxe of freezing (value 2705)
 49333 | Depths:4 | 49333 ||| Upgrading to pair of boots (value 100)
 49336 | Depths:4 | 49336 ||| Unignoring fire crab
 49383 | Depths:4 | 49383 ||| INVOKING BERSERK.
 49451 | Depths:4 | HP: 32/152 [disintegration (12)]
 49453 | Depths:4 | HP: 2/152 [disintegration (17)]
 49457 | Depths:4 | Blown up by a rakshasa

Vault maps used:
D:1:      minmay_entry_open_corners, minmay_statues_item, hex_large
D:3:      lemuel_round_altar, st_stairs_8, minmay_ruptured
D:4:      cheibriados_altar_wand_db, first_bread, serial_bayou_pond_d,
          corexii_hall_statues_deadend, minmay_misc_feat_encased
D:5:      nemelex_xobeh_ov_fountains_minmay, minmay_temple_entry_crystal_x,
          xom_teletrap_fun, uniq_grinder
D:7:      uniq_joseph, uniq_pikel
D:8:      basic_altar
D:9:      basic_altar
D:10:     enter_trove_3, grunt_tengu_nest
D:11:     orc_0_dummy, lair_0_dummy, lemuel_hellish_altar
D:12:     yredelemnul_altar_generic, uniq_gastronok, uniq_grum
D:13:     serial_shops, shop_coins
D:14:     lightli_vaults_fourway_checkpoint
D:15:     minmay_wizard_corner, minivault_16
D:16:     grunt_enter_depths_snipers, serial_column_ruins, column_ruins_hut,
          column_ruins_grid_1, column_ruins_grid_1, column_ruins_open_large,
          column_ruins_open_small, column_ruins_open_large, min_item_tele_traps,
          spider_trap
Orc:2:    serial_shops, shop_fountains, basic_altar
Lair:1:   portal_ice_cave_entry_ice_beasts
Lair:4:   swamp_mist_pool, lemuel_fruit_tree
Lair:5:   minmay_snake_entry_guardpost_small, enter_volcano_2,
          hibernation_bobbens, uniq_harold
Lair:6:   nicolae_slime_entry_corroded_items, kennysheep_catoblepas_arena
Lair:7:   st_stairs_6
Lair:8:   due_jungle_book
Snake:1:  uniq_azrael
Snake:2:  uniq_nessos
Snake:3:  serial_bayou_crossing
Snake:4:  uniq_roxanne
Snake:5:  minmay_snake_end_coiled_edited, spider_trap
Vaults:1: vaults_mumra_minichess_inversion, v_misc_9, grunt_vaults_focal,
          vaults_dpeg_encased_lava, vaults_room_corners,
          nicolae_vaults_three_branches, ontoclasm_vaults_gateway
Vaults:2: v_misc_31, vaults_mumra_lcd, hangedman_vaults_snaps, v_misc_24,
          vaults_dpeg_cross, v_pattern_3, ontoclasm_vaults_chip,
          nicolae_vaults_twisting_passages, nicolae_vaults_theta, v_misc_12,
          grunt_forest_entry_basic, serial_shops, bzr_entry_dummy
Vaults:3: nicolae_vaults_blade_crossed_weapons, v_rooms_5,
          nicolae_vaults_little_squares_2, vaults_mumra_hexcomb,
          ontoclasm_vaults_bender, st_octagons_1, vaults_room_octagon,
          hangedman_vaults_stitches, v_misc_1, v_misc_15,
          nicolae_vaults_shelves_hall, v_misc_16, vaults_dpeg_hooks,
          nicolae_vaults_big_angled_halls, nicolae_vaults_little_squares_2,
          uniq_wiglaf
Vaults:4: vaults_standard_mumra_x, nicolae_vaults_triangles,
          ontoclasm_vaults_shuriken, v_misc_29, nicolae_vaults_asterisk,
          vaults_standard_mumra_enter_the_diamond, v_pattern_2,
          grunt_vaults_funnel, v_misc_16, serial_shops, shop, uniq_mennas
Abyss:1:  evilmike_abyss_exit_5
Depths:1: minmay_containers, grunt_pan_entry_zigzag, serial_shops, shop,
          hell_entry, nrook_pool_corridor, uniq_nikola
Depths:2: nooodl_heptagram, serial_shops, shop, hell_entry,
          hangedman_decor_growths, kilobyte_mutagenic_chamber
Depths:3: minmay_cut_squares, abyss_entry, hell_entry, serial_shops, shop,
          grunt_pan_entry_spiral, minmay_staircase_bubble, serial_bayou_shore_a,
          uniq_boris
Depths:4: hangedman_pleasuredromes, hell_entry, abyss_entry, uniq_xtahua

Action                   |  1- 3 |  4- 6 |  7- 9 | 10-12 | 13-15 | 16-18 | 19-21 | 22-24 || total
-------------------------+-------+-------+-------+-------+-------+-------+-------+-------++-------
Melee: Hand axe          |   118 |   222 |    56 |       |       |       |       |       ||   396
       War axe           |       |       |   135 |       |       |       |       |       ||   135
       Broad axe         |       |       |   113 |   423 |       |       |       |       ||   536
       Battleaxe         |       |       |       |   269 |  1236 |  1284 |  1297 |    38 ||  4124
       Unarmed           |       |       |       |       |       |       |    14 |       ||    14
Invok: Berserk           |       |     3 |    10 |    19 |    13 |    25 |    23 |     1 ||    94
       Brothers in Arms  |       |       |     2 |     6 |     4 |     8 |     4 |       ||    24
       Trog's Hand       |       |       |       |       |     4 |    11 |    13 |       ||    28
 Abil: Fly               |       |       |       |       |     1 |       |       |       ||     1
Evoke: Wand              |       |     1 |     2 |     3 |     4 |       |     8 |       ||    18
  Use: Scroll            |     2 |     3 |     9 |    15 |    13 |    12 |     5 |       ||    59
       Potion            |       |     2 |     4 |     3 |    11 |     8 |     4 |       ||    32
 Stab: Sleeping          |     1 |       |       |       |       |       |       |       ||     1
       Distracted        |       |       |       |       |       |     2 |     2 |       ||     4
